 Dungeon Sprint DCSS version 0.21-a0-55-gb612c23 (webtiles) character file.

132 Kidiri the Ruffian (level 4, 0/49 HPs)
             Began as a Troll Monk on June 15, 2017.
             Was a Believer of Wu Jian.
             Slain by a human (6 damage)
             ... in the Dungeon (Sprint III: "The Ten Rune Challenge").
             The game lasted 00:02:39 (236 turns).

Kidiri the Ruffian (Troll Monk)                      Turns: 236, Time: 00:02:40

Health: 0/49       AC:  7    Str: 19    XL:     4   Next: 92%
Magic:  3/3        EV: 11    Int:  6    God:    Wu Jian [**....]
Gold:   30         SH:  0    Dex: 11    Spells: 3/3 levels left

rFire    . . .     SeeInvis .     - Unarmed
rCold    . . .     Gourm    +   (no shield)
rNeg     . . .     Faith    .   a - +2 robe {MR+}
rPois    .         Spirit   .   (helmet restricted)
rElec    .         Reflect  .   (no cloak)
rCorr    .         Harm     .   (gloves unavailable)
MR       +....     Clarity  +   (boots unavailable) Stlth ++........NoTele +
                                (no amulet)
HPRegen  0.56/turn              (no ring)
MPRegen  0.08/turn              (no ring)

@: berserk cooldown, slowed, very slow
A: unfitting armour, claws 3, blurry vision 1, clarity, clumsy 1, fast
metabolism 3, gourmand, regeneration 1, shaggy fur 1, tough skin 2
a: Renounce Religion


You were in the Dungeon.
You worshipped Wu Jian.
Wu Jian was pleased with you.
You were not hungry.

You visited 1 branch You collected 30 gold pieces.

Inventory:

Armour
 a - a +2 robe of magic resistance (worn)
Scrolls
 h - a scroll of blinking
 i - 2 scrolls of identify {unknown}
 k - a scroll of immolation {unknown}
 l - a scroll of magic mapping {unknown}
 m - 2 scrolls of remove curse {unknown}
 o - a scroll of holy word {unknown}
Potions
 c - a potion of curing
 e - 2 potions of haste
 f - 2 potions of magic
 q - a potion of flight {unknown}
Comestibles
 b - 2 bread rations
 n - a meat ration
 p - a royal jelly


   Skills:
 * Level 4.8 Fighting
 + Level 2.4 Armour
 * Level 4.8 Dodging
 + Level 2.2 Stealth
 * Level 5.7 Unarmed Combat


You had 3 spell levels left.
You didn't know any spells.

Dungeon Overview and Level Annotations

Branches:
Dungeon (1/1)

Altars:
Okawaru
Trog
Uskayaw
Wu Jian
Beogh


Innate Abilities, Weirdness & Mutations

You are too large for most types of armour.
You have claws for hands.
Your metabolism is lightning-fast.
You like to eat raw meat.
Your natural rate of healing is unusually fast.
You are covered in fur. (AC +1)
You have very tough skin. (AC +2)
Scrolls take you a little longer to read.
You possess an exceptional clarity of mind.
You are clumsy. (Dex -2)


Message History

You feel yourself slow down. The human misses you.
Unknown command.
Splash!
You fall into the shallow water.
Moving in this stuff is going to be slow.
You repeatedly attack the human from above.
You claw the human!
The human is moderately wounded.
You barely miss the human.
The human is moderately wounded.
The human hits you but does no damage.
The human hits you from afar with a spear.
* * * LOW HITPOINT WARNING * * *
The human barely misses you.
The human hits you from afar with a spear.
* * * LOW HITPOINT WARNING * * *
You spin and attack the human.
You scratch the human but do no damage.
The human is moderately wounded.
The human hits you.
You die...

▓#'####....♣♣ ♣..# #__.#
▓.....#....≈♣ ♣..###+#'###
▓.....#...≈≈♣♣ ♣..#........
▓.....#..≈≈≈≈♣♣♣..'.⌠......
▓####'#..≈≈≈≈≈≈♣..#...#####
▓[....#.≈≈≈≈≈≈....#.⌠.#
▓.....#.≈§≈§≈.....#...#
▓.....#.≈≈≈.......#+###
▓'#####..§@p......#
▓..........p......#
▓▓▓▓▓▓▓▓▓▓▓▓▓▓▓▓▓▓▓


You could see 2 humans.

Vanquished Creatures
  A water elemental (D)
  Jessica (D)
  A human (D)
  A wolf (D)
  2 oozes (D)
  A rat (D)
7 creatures vanquished.

Vanquished Creatures (others)
  2 draconian scorchers (D)
  6 hellions (D)
  2 yaktaurs (D)
10 creatures vanquished.

Grand Total: 17 creatures vanquished

Notes
Turn   | Place    | Note
-------+----------+-------------------------------------------
     0 | D        | Kidiri the Troll Monk began the quest for the Orb.
     0 | D        | Reached XP level 1. HP: 22/22 MP: 0/0
     7 | D        | Reached skill level 1 in Armour
     7 | D        | Reached XP level 2. HP: 23/29 MP: 1/1
    19 | D        | Noticed Jessica
    23 | D        | Killed Jessica
    23 | D        | Reached skill level 4 in Unarmed Combat
    23 | D        | Reached XP level 3. HP: 36/37 MP: 2/2
    77 | D        | Killed a hellion
    81 | D        | Killed a hellion
    89 | D        | Reached XP level 4. HP: 37/48 MP: 3/3
    92 | D        | Killed a yaktaur
   116 | D        | Killed a hellion
   128 | D        | Gained mutation: You have large cloven feet. [potion of mutation]
   128 | D        | Gained mutation: You are partially covered in molten scales. (AC +2) [potion of mutation]
   129 | D        | Lost mutation: You have large cloven feet. [potion of mutation]
   129 | D        | Lost mutation: You are partially covered in molten scales. (AC +2) [potion of mutation]
   129 | D        | Gained mutation: You are dopey. (Int -2) [potion of mutation]
   129 | D        | Gained mutation: You possess an exceptional clarity of mind. [potion of mutation]
   129 | D        | Gained mutation: You have sharp toenails. [potion of mutation]
   130 | D        | Lost mutation: You are dopey. (Int -2) [potion of mutation]
   130 | D        | Lost mutation: You possess an exceptional clarity of mind. [potion of mutation]
   130 | D        | Lost mutation: You have sharp toenails. [potion of mutation]
   130 | D        | Gained mutation: Your skin changes colour to match your surroundings (Stealth+). [potion of mutation]
   130 | D        | Gained mutation: You are partially covered in icy blue scales. (AC +2) [potion of mutation]
   130 | D        | Gained mutation: Your mind is acute. (Int +2) [potion of mutation]
   131 | D        | Lost mutation: Your mind is acute. (Int +2) [potion of mutation]
   131 | D        | Lost mutation: Your skin changes colour to match your surroundings (Stealth+). [potion of mutation]
   131 | D        | Gained mutation: You are dopey. (Int -2) [potion of mutation]
   131 | D        | Gained mutation: You are clumsy. (Dex -2) [potion of mutation]
   131 | D        | Gained mutation: You are partially covered in large bone plates. (SH +4) [potion of mutation]
   132 | D        | Lost mutation: You are dopey. (Int -2) [potion of mutation]
   132 | D        | Lost mutation: You are clumsy. (Dex -2) [potion of mutation]
   132 | D        | Lost mutation: You are partially covered in large bone plates. (SH +4) [potion of mutation]
   132 | D        | Lost mutation: You are partially covered in icy blue scales. (AC +2) [potion of mutation]
   132 | D        | Gained mutation: You have sharp toenails. [potion of mutation]
   132 | D        | Gained mutation: You occasionally shout uncontrollably at your foes. [potion of mutation]
   132 | D        | Gained mutation: Your mind is acute. (Int +2) [potion of mutation]
   133 | D        | Lost mutation: Your mind is acute. (Int +2) [potion of mutation]
   133 | D        | Lost mutation: You occasionally shout uncontrollably at your foes. [potion of mutation]
   133 | D        | Lost mutation: You have sharp toenails. [potion of mutation]
   133 | D        | Gained mutation: Scrolls take you a little longer to read. [potion of mutation]
   133 | D        | Gained mutation: You are clumsy. (Dex -2) [potion of mutation]
   133 | D        | Gained mutation: You possess an exceptional clarity of mind. [potion of mutation]
   140 | D        | Killed a hellion
   146 | D        | Killed a white draconian scorcher
   159 | D        | Noticed a water elemental
   169 | D        | Killed a water elemental
   169 | D        | Reached skill level 5 in Unarmed Combat
   169 | D        | Killed a yaktaur
   182 | D        | Killed a white draconian scorcher
   210 | D        | Found an ornate altar of the Wu Jian Council.
   210 | D        | Found an iron altar of Okawaru.
   211 | D        | Found a roughly hewn altar of Beogh.
   211 | D        | Found a bloodstained altar of Trog.
   211 | D        | Found a hide-covered altar of Uskayaw.
   211 | D        | Noticed a human
   211 | D        | Noticed a human
   213 | D        | Became a worshipper of the Wu Jian Council
   213 | D        | Reached * piety under Wu Jian
   213 | D        | Reached ** piety under Wu Jian
   217 | D        | Killed a hellion
   219 | D        | Killed a hellion
   236 | D        | Slain by a human

Vault maps used:
D:        dungeon_sprint_mu

Skill      XL: |  1  2  3  4 |
---------------+-------------+-----
Armour         | 1 2 |  2.4
Dodging        | 3 4 |  4.8
Fighting       | 3 4 |  4.8
Unarmed Combat | 4 5 |  5.7
Stealth        | 2 |  2.2

Action                   |  1- 3 |  4- 6 || total
-------------------------+-------+-------++-------
Melee: Unarmed           |    17 |    15 ||    32
  Use: Potion            |       |     8 ||     8
 Stab: Sleeping          |     1 |       ||     1
  Eat: Chunk             |       |     2 ||     2
Armor: Robe              |     4 |     5 ||     9
Dodge: Dodged            |     3 |    11 ||    14
